AoeStats
← Long John Silver

Arabia

505634416Analyzed
3v3 RM · 23d ago on Sep 10, 2026· 12m 11s· 6 players
Game mode
Random Map
Map size
Normal (6 player)
Population
200
Speed
Normal
Resources
Standard
Victory
Conquest
Starting age
Dark Age
Ending age
Imperial Age
RankedLock teamsTeams togetherTeam positionsShared explorationLock speedFull tech treeHidden civsTurbo modeCheats
Victory
Defeat
1474
+14
🇨🇳 Spanish · China
1440
+16
🇨🇳 Britons · China
1424
+16
🇩🇪 Malians · Germany
1461
-17
🇭🇺 Huns · Hungary
1456
-16
🇧🇷 Persians · Brazil
1380
-13
无助小羊
8:10 Loom
10:16 Feudal Age
14:27 Castle Age
肩扛大明两京一十三省
6:46 Loom
8:57 Feudal Age
王德发
5:57 Loom
9:27 Feudal Age
Guido
6:58 Loom
9:22 Feudal Age
9:44 Double-Bit Axe
10:41 Horse Collar
11:23 Town Watch
verszomj
6:32 Loom
9:23 Feudal Age
10:46 Man-at-Arms
Long John Silver
6:04 Loom
8:55 Feudal Age
Connection lost

Rejoining the realm…

Still unreachable

The connection could not be restored.

Session expired

The server has moved on; the page needs a fresh start.